 Dungeon Crawl Stone Soup version 0.30-a0-219-gf2db51d15e (webtiles) character file.

Game seed: 2545526786076593552

2063 lunkers the Martial Artist (level 9, -3/64 HPs)
             Began as a Meteoran Transmuter on Oct 8, 2022.
             Was an Initiate of Okawaru.
             Slain by a fire elemental (7 damage)
             ... created by the fiery vengeance of Ignis
             ... on level 8 of the Dungeon.
             The game lasted 00:09:43 (2446 turns).

lunkers the Martial Artist (Meteoran Transmuter)    Turns: 2446, Time: 00:09:43

Health: -3/64      AC:  8    Str: 14    XL:     9   Next: 79%
Magic:  14/14      EV: 12    Int: 17    God:    Okawaru [......]
Gold:   236        SH:  0    Dex: 15    Spells: 4/13 levels left

rFire   . . .      SeeInvis +      - Unarmed
rCold   . . .      Faith    .    (no shield)
rNeg    . . .      Spirit   .    B - +0 steam dragon scales
rPois   .          Reflect  .    f - +1 helmet {SInv}
rElec   .          Harm     .    c - +0 cloak
rCorr   .          Rampage  .    (no gloves)
Will    +....                    (no boots)
Stlth   +.........               (no amulet)
HPRegen 0.30/turn                k - ring of see invisible
MPRegen 0.14/turn                (no ring)

@: slowed, glowing, fire susceptible, very slow
A: sense surroundings 2, otherworldly, glowing, explore regen
a: Renounce Religion


You were on level 8 of the Dungeon.
You worshipped Okawaru.
Okawaru was noncommittal.
You visited 1 branch of the dungeon, and saw 8 of its levels.
You also visited: Sewer.

You collected 236 gold pieces.

Inventory:

Armour
 c - a +0 cloak (worn)
 f - a +1 helmet of see invisible (worn)
 x - the +1 leather armour of the New World {rF+}
   (You found it on level 5 of the Dungeon)

   rF:        It protects you from fire.
 B - +0 steam dragon scales (worn)
Magical Staves
 e - a staff of poison
Jewellery
 k - a ring of see invisible (left hand)
Wands
 p - a wand of iceblast (9)
 s - a wand of digging (11)
 A - a wand of flame (52)
Scrolls
 i - a scroll of magic mapping {unknown}
 m - 3 scrolls of identify {unknown}
 n - 3 scrolls of teleportation {unknown}
 q - a scroll of vulnerability {unknown}
 y - 2 scrolls of amnesia
Potions
 b - a potion of lignification
 h - 2 potions of might {unknown}
 j - 2 potions of flight {unknown}
 l - 3 potions of degeneration {unknown}
 o - 4 potions of brilliance {unknown}
 r - 3 potions of attraction {unknown}
 u - a potion of haste
 v - a potion of cancellation {unknown}
Miscellaneous
 z - a condenser vane


   Skills:
 - Level 1.1 Fighting
 - Level 2.4 Dodging
 + Level 10.7 Unarmed Combat
 - Level 2.6 Spellcasting
 + Level 10.3 Transmutations


You had 4 spell levels left.
You knew the following spells:

 Your Spells              Type           Power      Damage    Failure   Level
b - Wereblood             Tmut           37%        N/A       1%          2
c - Spider Form           Tmut/Pois      19%        N/A       6%          3
d - Ice Form              Ice/Tmut       19%        N/A       22%         4

Your spell library contained the following spells:

 Spells                   Type           Power      Damage    Failure   Level
 Beastly Appendage        Tmut           74%        N/A       1%          1


Dungeon Overview and Level Annotations

Branches:
Dungeon (8/15) Zot: 2426    Sewer (visited)
 Temple: D:4-7         Lair: D:8-11

Altars:
Gozag
Okawaru
Xom
Ignis

Shops:
D:5 (   D:7 [


Innate Abilities, Weirdness & Mutations

You passively map the area around you.
You are easily found by Zot.
You glow in the dark.
You regain HP and MP as you explore.


Message History

* * * LOW HITPOINT WARNING * * *
The centaur unwields a +0 shortbow.
The centaur hits you but does no damage.
The centaur barely misses you.
Unknown command.
You bite the centaur!
The centaur looks as sick as possible!
The centaur is severely wounded.
The centaur misses you. The centaur barely misses you. The centaur hits you.
* * * LOW HITPOINT WARNING * * *
The centaur closely misses you.
You bite the centaur!
You kill the centaur!
Okawaru accepts your kill.
You see here a +0 shortbow.
Found a wand of flame (23).
A - a wand of flame (52) (gained 23 charges)
Your transformation is almost over.
Your transformation has ended.
Your +0 cloak unmelds from your body.
Your +1 helmet of see invisible unmelds from your body.
Your +0 steam dragon scales unmelds from your body.
You feel perceptive. "My hands, my teeth, my burning tears: these will never betray me!"
The divine experience drains your vigour!
You feel yourself slow down. 3 fire elementals come into view.
The fire elemental hits you. The fire elemental burns you!
The fire elemental hits you. The fire elemental burns you!
The fire elemental hits you. The fire elemental burns you!
* * * LOW HITPOINT WARNING * * *
The fire elemental hits you. The fire elemental burns you!
* * * LOW HITPOINT WARNING * * *
The fire elemental hits you. The fire elemental burns you!
* * * LOW HITPOINT WARNING * * *
The fire elemental closely misses you. The fire elemental hits you.
* * * LOW HITPOINT WARNING * * *
The fire elemental burns you!
* * * LOW HITPOINT WARNING * * *
The fire elemental hits you. The fire elemental burns you!
You die...

#. , * *#. , #.####
##### #....###### ,
#...####
#.........#### , ,
.......#
*#............
.......#
###.○°E........
.......###...°EE....#
,,
......##..#####.@...#*
,* * .>...#...##
####..#* * .......###
.#* , * ...#...# ####
#*, ,,* .###..####..#
* 8 ## #..##....## ##
* * * # #.........##..
©, #........... ,, * ,
#.........# , , * , *
,


You could see 3 fire elementals.

Vanquished Creatures
  The ghost of lunkers the Martial Artist, a novice MeTm of Ru (D:6)
  Maggie (D:7)
  The ghost of hgbash the Conjurer, a novice DECj of Vehumet (D:6)
  A fire elemental (D:7)
  A water moccasin (Sewer)
  An orc warrior (D:8)
  2 phantoms
  A centaur (D:8)
  A scorpion (D:5)
  5 wights (D:8)
  A howler monkey (D:4)
  Crazy Yiuf (D:7)
  4 hounds
  An iguana (D:5)
  8 gnolls (D:7)
  A river rat (D:5)
  2 adders
  A worm (D:5)
  2 dart slugs
  11 orcs
  2 ball pythons (D:3)
  7 bats
  An endoplasm (D:2)
  A giant cockroach (D:2)
  2 goblins
  4 hobgoblins
  4 quokkas
  A frilled lizard (D:2)
  2 kobolds
  7 rats
78 creatures vanquished.

Vanquished Creatures (others)
  87 foxfires
  3 fungi
90 creatures vanquished.

Grand Total: 168 creatures vanquished

Notes
Turn   | Place    | Note
-------+----------+-------------------------------------------
     0 | D:1      | lunkers the Meteoran Transmuter began the quest for the
                  | Orb.
     0 | D:1      | Reached XP level 1. HP: 16/16 MP: 5/5
   140 | D:2      | Reached XP level 2. HP: 23/23 MP: 6/6
   145 | D:2      | Found a faded altar of an unknown god.
   156 | D:2      | Prayed at the altar of an unknown god.
   156 | D:2      | Became a worshipper of Ignis, the Dying Flame
   504 | D:3      | Reached XP level 3. HP: 12/28 MP: 8/8
   509 | D:3      | Learned a level 2 spell: Wereblood
   513 | D:3      | Learned a level 3 spell: Spider Form
   817 | D:4      | Noticed a phantom
   837 | D:4      | Killed a phantom
   838 | D:4      | Reached skill level 5 in Unarmed Combat
   838 | D:4      | Reached XP level 4. HP: 9/35 MP: 9/9
   838 | D:4      | Reached XP level 5. HP: 11/40 MP: 10/10
   894 | D:4      | Reached XP level 6. HP: 32/47 MP: 8/11
   901 | D:5      | Entered Level 5 of the Dungeon
   935 | D:5      | Reached skill level 5 in Transmutations
   951 | D:5      | Reached XP level 7. HP: 30/52 MP: 8/12
   957 | D:5      | Found Ohaimoh's Weapon Boutique.
  1087 | D:5      | Found a glowing drain.
  1094 | Sewer    | Entered a sewer
  1120 | Sewer    | Noticed a water moccasin
  1130 | Sewer    | Killed a water moccasin
  1211 | D:5      | Identified the +1 leather armour of the New World {rF+}
  1283 | D:6      | Found a runed translucent gate.
  1285 | D:6      | Found a runed translucent gate.
  1288 | D:6      | Found a runed translucent gate.
  1288 | D:6      | Noticed hgbash's ghost (novice DECj)
  1288 | D:6      | Noticed lunkers's ghost (novice MeTm)
  1373 | D:6      | Found a large runed translucent door.
  1376 | D:6      | Found a large runed translucent door.
  1386 | D:6      | Found an iron altar of Okawaru.
  1395 | D:6      | Found a shimmering altar of Xom.
  1467 | D:6      | Killed hgbash's ghost
  1468 | D:6      | Reached XP level 8. HP: 38/59 MP: 11/13
  1470 | D:6      | Killed lunkers's ghost
  1570 | D:7      | Identified the +1 whip of Hogulash {freeze, *Noise rPois
                  | Int-2 Dex+6 SInv}
  1678 | D:7      | Gained mutation: You passively map the area around you.
                  | [Meteoran growth]
  1678 | D:7      | Reached XP level 9. HP: 38/64 MP: 10/14
  1741 | D:7      | Found Ocashug's Antique Armour Boutique.
  1775 | D:7      | Noticed Maggie
  1802 | D:7      | HP: 1/64 [Maggie/+0 glaive (4)]
  1804 | D:7      | Killed Maggie
  1805 | D:7      | Reached skill level 10 in Unarmed Combat
  1907 | D:6      | Fell from the grace of Ignis
  1907 | D:6      | Became a worshipper of Warmaster Okawaru
  1915 | D:6      | Learned a level 4 spell: Ice Form
  2061 | D:8      | Reached skill level 10 in Transmutations
  2104 | D:8      | Found an opulent altar of Gozag.
  2236 | D:7      | HP: 3/64 [fire elemental[the fiery vengeance of Ignis]
                  | (14)]
  2276 | D:7      | Found a runed translucent door.
  2277 | D:7      | Noticed Crazy Yiuf
  2285 | D:7      | Killed Crazy Yiuf
  2445 | D:8      | HP: 2/64 [fire elemental[the fiery vengeance of Ignis] (9)]
  2446 | D:8      | Slain by a fire elemental

Illustrated notes

Levels and vault maps discovered:
D:1:      mrwooster_arrival_arrow, layout_rooms, st_stairs_10,
          minmay_statues_item, feat_on_display
D:2:      layout_basic, dreamdust_ecumenical_altar_grove, hex_large,
          uniq_jessica
D:3:      layout_loops_ring, amcnicky_mini_corridor_feature
D:4:      layout_gridville, lemuel_coloured_pillars_altar,
          kennysheep_vampire_church, grunt_ministairs_2
D:5:      layout_cave_pools, elyvilon_altar_3, gup_sewer_entry_bubbles,
          serial_shops, nicolae_stop_n_shop_1, corexii_leaking_fountain
D:6:      layout_rooms, jmf_multi_god_temple2, mainiacjoe_overflow_tiny_flanked,
          minmay_temple_entry_fiery, gammafunk_ghost_cemetery
D:7:      layout_basic, serial_shops, shop, dreamdust_gnoll_farm, uniq_maggie,
          uniq_crazy_yiuf_cottage
D:8:      layout_cave_pods, nicolae_gozag_seed_capital,
          nicolae_diode_intersection

Skill      XL: |  1  2  3  4  5  6  7  8  9 |
---------------+----------------------------+-----
Unarmed Combat | 4 5 6 8 9 10 | 10.7
Transmutations | 3 4 5 7 8 10 | 10.3
Fighting       | |  1.1
Dodging        | |  2.4
Spellcasting   | |  2.6

Action                   |  1- 3 |  4- 6 |  7- 9 || total
-------------------------+-------+-------+-------++-------
Melee: Unarmed           |   108 |    30 |   146 ||   284
       Kick              |     2 |       |       ||     2
       Punch             |     2 |     1 |     1 ||     4
 Cast: Beastly Appendage |     3 |       |       ||     3
       Spider Form       |     3 |     3 |    14 ||    20
Invok: Foxfire Swarm     |       |       |     6 ||     6
       Fiery Armour      |       |       |     2 ||     2
Evoke: Wand              |     1 |       |     3 ||     4
  Use: Scroll            |       |       |     7 ||     7
Armor: Robe              |    14 |     5 |     5 ||    24
       Skin              |     1 |     1 |     9 ||    11
       Steam dragon scal |       |       |     5 ||     5
Dodge: Dodged            |    43 |    12 |   119 ||   174

Table legend: (Time is in decaauts)
 A = Elapsed time spent in this place.
 B = Non-inter-level travel time spent in this place.
 C = Inter-level travel time spent in this place.
 D = Time resting spent in this place.
 E = Time spent auto-exploring this place.
 F = Levels seen in this place.
 G = Mean time per level.
                   A        B        C        D        E       F      G
               +--------+--------+--------+--------+--------+-----+--------+
         Total |   2443 |   2170 |    273 |      0 |   1042 |   9 |  271.4 |
       Dungeon |   2371 |   2098 |    273 |      0 |   1022 |   8 |  296.4 |
         Sewer |     72 |     72 |      0 |      0 |     20 |   1 |   72.0 |
               +--------+--------+--------+--------+--------+-----+--------+

Top non-repeatable levels by time:
     D:7: 600 daAuts
     D:2: 354 daAuts
     D:6: 339 daAuts
     D:5: 292 daAuts
     D:8: 249 daAuts
     D:3: 226 daAuts
     D:4: 194 daAuts
     D:1: 114 daAuts
   Sewer: 72 daAuts
